 Dungeon Crawl Stone Soup version 0.24-a0-139-geb6712d (webtiles) character file.

Game seed: 0

777373 Dfrag the Cloud Mage (level 27, -10/226 HPs)
             Began as a Naga Fire Elementalist on Mar 2, 2019.
             Was the Champion of Vehumet.
             Mangled by an orc warlord
             ... wielding a +1 broad axe of electrocution
              (22 damage)
             ... on level 26 of a ziggurat on Mar 3, 2019.
             The game lasted 03:12:55 (60176 turns).

Dfrag the Cloud Mage (Naga Fire Elementalist)      Turns: 60176, Time: 03:12:56

Health: -10/226    AC: 41    Str: 13    XL:     27
Magic:  57/57      EV:  8    Int: 47    God:    Vehumet [******]
Gold:   4948       SH:  8    Dex: 18    Spells: 6/69 levels left

rFire    + + +     SeeInvis +   W - staff of fire
rCold    + + +     Gourm    +   S - +2 buckler "Abeushopn" {rPois rCorr Stlth+}
rNeg     + . .     Faith    .   B - +6 scale mail of the Blind Marksman {MP+9}
rPois    +         Spirit   .   T - +2 helmet {Int+3}
rElec    .         Reflect  .   x - scarf {rC+ rF+}
rCorr    +         Harm     .   s - +1 pair of gloves of Rageycat {rPois Regen+ Int-2 Dex+6}
MR       ++++.                  f - +3 naga barding of Loss {+Blink rN+ Str+3 Int+3}
Stlth    +++++.....             p - amulet "Geikel" {Gourm rC+ Stlth+}
HPRegen  0.87/turn              X - ring "Fuojeo Hayri" {*Corrode rF+ Int+8}
MPRegen  0.35/turn              O - ring "Pexixam" {rPois rF+ Int+7 Dex-3}

@: about to teleport, very slightly contaminated, very slow
A: large, claws 1, repulsion field 1, icy blue scales 1, see invisible, clever
1, cold resistance 1, deformed body, magic resistance 1, poison resistance,
slowness 2, slow metabolism 1, spit poison 1, wild magic 1, constrict 1, AC +9
}: 4/15 runes: barnacled, slimy, silver, gossamer
a: Spit Poison, Renounce Religion, Evoke Blink


You were on level 26 of a ziggurat.
You worshipped Vehumet.
Vehumet was exalted by your worship.
You were very full.

You visited 10 branches of the dungeon, and saw 50 of its levels.
You visited 1 ziggurat, and saw 26 of its levels.
You also visited: Trove, Ice Cave, Volcano, Wizlab and Desolation.

You collected 7848 gold pieces.
You spent 2900 gold pieces at shops.

Inventory:

Hand Weapons
 g - the +7 longbow "Piercer" {penet, EV-2}
   (You found it on level 22 of a ziggurat)

   Ammo fired by it will pass through the targets it hits, potentially hitting
   all targets in its path until it reaches maximum range.
   It affects your evasion (-2).
 o - the +2 Maxwell's thermic engine {flame, freeze}
   (You found it on level 3 of the Depths)

   It has been specially enchanted to burn those struck by it, causing extra
   injury to most foes and up to half again as much damage against particularly
   susceptible opponents.
   Big, fiery blades are also staple armaments of hydra-hunters.
Armour
 f - the +3 naga barding of Loss (worn) {+Blink rN+ Str+3 Int+3}
   (You acquired it on level 4 of the Spider Nest)

   It affects your strength (+3).
   It affects your intelligence (+3).
   It protects you from negative energy.
   It lets you blink.
 s - the +1 pair of gloves of Rageycat (worn) {rPois Regen+ Int-2 Dex+6}
   (You found it in a volcano)

   It affects your intelligence (-2).
   It affects your dexterity (+6).
   It protects you from poison.
   It increases your rate of regeneration.
 x - a scarf of resistance (worn)
 B - the +6 scale mail of the Blind Marksman (worn) {MP+9}
   (You found it in a wizard's laboratory)

   It affects your magic capacity (+9).
 E - the +7 troll leather armour of Adoil {rF+ Regen+}
   (You bought it in a shop on level 2 of the Orcish Mines)

   It protects you from fire.
   It increases your rate of regeneration.
 Q - the +18 shield of the Gong {rElec rN+ MR+ EV-5}
   (You found it on level 5 of the Pits of Slime)

   It affects your evasion (-5).
   It insulates you from electricity.
   It protects you from negative energy.
   It affects your resistance to hostile enchantments.
 S - the +2 buckler "Abeushopn" (worn) {rPois rCorr Stlth+}
   (You found it in the Desolation of Salt)

   It protects you from poison.
   It provides partial protection from all sources of acid and corrosion.
   It makes you more stealthy.
 T - a +2 helmet of intelligence (worn)
Magical Staves
 A - an uncursed staff of conjuration
 N - an uncursed staff of energy
 W - an uncursed staff of fire (weapon)
Jewellery
 p - the amulet "Geikel" (around neck) {Gourm rC+ Stlth+}
   (You found it on level 22 of a ziggurat)

   [amulet of the gourmand]

   It allows you to eat raw meat even when not hungry.
   It protects you from cold.
   It makes you more stealthy.
 u - a +6 ring of intelligence
 y - the amulet of the Four Winds {rN+ MR+++ Clar}
   (You found it on level 4 of the Shoals)

   [amulet of nothing]

   It protects you from negative energy.
   It affects your resistance to hostile enchantments.
   It protects you against confusion.
 O - the ring "Pexixam" (right hand) {rPois rF+ Int+7 Dex-3}
   (You found it on level 17 of a ziggurat)

   [ring of protection from fire]

   It affects your intelligence (+7).
   It affects your dexterity (-3).
   It protects you from fire.
   It protects you from poison.
 V - an uncursed amulet of magic regeneration
 X - the ring "Fuojeo Hayri" (left hand) {*Corrode rF+ Int+8}
   (You found it on level 24 of a ziggurat)

   [ring of protection from fire]

   It affects your intelligence (+8).
   It protects you from fire.
   It may corrode you when you take damage.
Wands
 a - a wand of digging (25)
 R - a wand of acid (18)
Scrolls
 b - 35 scrolls of remove curse
 h - 10 scrolls of identify
 i - 20 scrolls of fog
 k - 5 scrolls of holy word
 q - 12 scrolls of fear
 r - 7 scrolls of immolation
 t - 15 scrolls of amnesia
 C - 20 scrolls of teleportation
 D - 8 scrolls of enchant armour
 G - 4 scrolls of enchant weapon
 I - 10 scrolls of blinking
 L - a scroll of summoning
 U - 8 scrolls of magic mapping
Potions
 d - 20 potions of curing
 e - 14 potions of heal wounds
 j - 10 potions of mutation
 l - a potion of magic
 m - 10 potions of haste
 n - 10 potions of brilliance
 v - 3 potions of cancellation
 w - 8 potions of ambrosia
 z - 4 potions of invisibility
 H - 3 potions of resistance
 K - a potion of agility
 M - 12 potions of flight
 P - 10 potions of might
Miscellaneous
 F - a crystal ball of energy
 J - a lightning rod (4/4)
Comestibles
 c - 74 rations


   Skills:
 - Level 9.8 Fighting
 - Level 14.5 Long Blades
 - Level 13.4 Staves
 - Level 16.5 Armour
 - Level 1.5 Dodging
 - Level 8.0 Stealth
 - Level 7.4 Shields
 + Level 21.9 Spellcasting
 + Level 22.6 Conjurations
 + Level 21.6 Fire Magic
 - Level 23.1 Air Magic
 - Level 21.5 Earth Magic


You had 6 spell levels left.
You knew the following spells:

 Your Spells              Type           Power        Failure   Level  Hunger
a - Flame Tongue          Conj/Fire      #####        1%          1    None
b - Conjure Flame         Conj/Fire      ########     1%          3    None
c - Shatter               Erth           ########..   5%          9    None
d - Fireball              Conj/Fire      #########.   1%          5    None
e - Ignition              Fire           #########.   1%          8    None
f - Bolt of Fire          Conj/Fire      #########.   1%          6    None
g - Fire Storm            Conj/Fire      #########.   4%          9    None
h - Iskenderun's Mystic   Conj           ########     1%          4    None
i - Bolt of Magma         Conj/Fire/Erth #########.   1%          5    None
j - Sticky Flame          Conj/Fire      ########     1%          4    None
k - Tornado               Air            ########..   3%          9    None

Your spell library contained the following spells:

 Spells                   Type           Power        Failure   Level  Hunger
 Animate Skeleton         Necr           N/A          1%          1    None
 Apportation              Tloc           ######       1%          1    None
 Beastly Appendage        Tmut           ######       1%          1    None
 Confusing Touch          Hex            ######       1%          1    None
 Freeze                   Ice            ####         1%          1    None
 Infusion                 Chrm           ####         1%          1    None
 Magic Dart               Conj           ####         1%          1    None
 Pain                     Necr           ####         1%          1    None
 Sandblast                Erth           ######       1%          1    None
 Shock                    Conj/Air       ####         1%          1    None
 Sting                    Conj/Pois      ####         1%          1    None
 Summon Butterflies       Summ           ######..     1%          1    None
 Summon Small Mammal      Summ           ####         1%          1    None
 Passwall                 Tmut/Erth      ########     1%          2    None
 Poisonous Vapours        Pois/Air       ######       1%          2    None
 Searing Ray              Conj           ######       1%          2    None
 Swiftness                Chrm/Air       ########     1%          2    None
 Throw Flame              Conj/Fire      ######       1%          2    None
 Throw Frost              Conj/Ice       ######       1%          2    None
 Dazzling Spray           Conj/Hex       ######       1%          3    None
 Ignite Poison            Fire/Tmut/Pois ########     1%          3    None
 Inner Flame              Hex/Fire       ########     1%          3    None
 Mephitic Cloud           Conj/Pois/Air  ########     1%          3    None
 Static Discharge         Conj/Air       ########     1%          3    None
 Stone Arrow              Conj/Erth      ######       1%          3    None
 Airstrike                Air            ########..   1%          4    None
 Force Lance              Conj/Tloc      ########     1%          4    None
 Fulminant Prism          Conj/Hex       ########..   1%          4    None
 Leda's Liquefaction      Hex/Erth       ########..   1%          4    None
 Petrify                  Tmut/Erth      ########     1%          4    None
 Summon Lightning Spire   Summ/Air       ########     1%          4    None
 Throw Icicle             Conj/Ice       ########     1%          4    None
 Bolt of Draining         Conj/Necr      ########..   1%          5    None
 Borgnjor's Vile Clutch   Necr/Erth      ########..   1%          5    None
 Irradiate                Conj/Tmut      ########..   1%          5    None
 Iskenderun's Battlesphe  Conj/Chrm      ########     1%          5    None
 Lee's Rapid Deconstruct  Erth           ########..   1%          5    None
 Lightning Bolt           Conj/Air       ########..   1%          5    None
 Silence                  Hex/Air        ########..   1%          5    None
 Venom Bolt               Conj/Pois      ########..   1%          5    None
 Bolt of Cold             Conj/Ice       ########..   1%          6    None
 Conjure Ball Lightning   Conj/Air       ########..   1%          6    None
 Freezing Cloud           Conj/Ice/Air   ########..   1%          6    None
 Iron Shot                Conj/Erth      ########..   1%          6    None
 Blink                    Tloc           N/A          2%          2    None
 Call Imp                 Summ           ######..     2%          2    None
 Corpse Rot               Necr           N/A          2%          2    None
 Ensorcelled Hibernation  Hex/Ice        ######       2%          2    None
 Shroud of Golubria       Chrm/Tloc      ######....   2%          2    None
 Song of Slaying          Chrm           ######..     2%          2    None
 Sticks to Snakes         Tmut           ######..     2%          2    None
 Sublimation of Blood     Necr           ######....   2%          2    None
 Deflect Missiles         Chrm/Air       ########..   2%          6    None
 Olgreb's Toxic Radiance  Pois           ######..     3%          4    None
 Statue Form              Tmut/Erth      ########.    3%          6    None
 Call Canine Familiar     Summ           ######..     4%          3    None
 Confuse                  Hex            ######..     4%          3    None
 Gell's Gravitas          Tloc           ######....   4%          3    None
 Lesser Beckoning         Tloc           ######....   4%          3    None
 Ozocubu's Armour         Chrm/Ice       ######..     4%          3    None
 Portal Projectile        Hex/Tloc       ######       4%          3    None
 Recall                   Summ/Tloc      N/A          4%          3    None
 Regeneration             Chrm/Necr      ######....   4%          3    None
 Spectral Weapon          Hex/Chrm       ######..     4%          3    None
 Spider Form              Tmut/Pois      ######....   4%          3    None
 Summon Guardian Golem    Hex/Summ       ######..     4%          3    None
 Teleport Other           Tloc           ######..     4%          3    None
 Tukima's Dance           Hex            ######..     4%          3    None
 Vampiric Draining        Necr           ######....   4%          3    None
 Yara's Violent Unravell  Hex/Tmut       ######....   10%         5    None
 Animate Dead             Necr           N/A          13%         4    None
 Cause Fear               Hex            ######....   13%         4    None
 Ice Form                 Ice/Tmut       ######..     13%         4    None
 Passage of Golubria      Tloc           N/A          13%         4    None
 Summon Ice Beast         Ice/Summ       ######..     13%         4    None
 Agony                    Necr           ######..     34%         5    None
 Alistair's Intoxication  Tmut/Pois      ######..     34%         5    None
 Aura of Abjuration       Summ           ######....   34%         5    None
 Blade Hands              Tmut           ######....   34%         5    None
 Dispel Undead            Necr           ######..     34%         5    None
 Excruciating Wounds      Chrm/Necr      ######....   34%         5    None
 Metabolic Englaciation   Hex/Ice        ######....   34%         5    None
 Summon Demon             Summ           ######....   34%         5    None
 Summon Forest            Summ/Tloc      ######....   34%         5    None
 Summon Mana Viper        Hex/Summ       ######..     34%         5    None
 Darkness                 Hex            ######....   86%         6    None
 Death Channel            Necr           ######....   86%         6    None
 Dispersal                Tloc           ######....   86%         6    None
 Hydra Form               Tmut           ######....   86%         6    None
 Invisibility             Hex            ######..     86%         6    None
 Shadow Creatures         Summ           N/A          86%         6    None
 Simulacrum               Ice/Necr       ######....   86%         6    None
 Orb of Destruction       Conj           ########..   1%          7    None
 Spellforged Servitor     Conj/Summ      ########..   3%          7    None
 Ring of Flames           Chrm/Fire      ########..   13%         7    None
 Haunt                    Necr/Summ      ######....   100%        7    None
 Malign Gateway           Summ/Tloc      ######....   100%        7    None
 Monstrous Menagerie      Summ           ######....   100%        7    None
 Summon Greater Demon     Summ           ######....   100%        7    None
 Summon Hydra             Summ           ######....   100%        7    None
 Borgnjor's Revivificati  Necr           ######....   100%        8    None
 Controlled Blink         Tloc           N/A          100%        8    None
 Death's Door             Chrm/Necr      ######....   100%        8    None
 Discord                  Hex            ######....   100%        8    None
 Disjunction              Tloc           ######....   100%        8    None
 Infestation              Necr           ######....   100%        8    None
 Necromutation            Tmut/Necr      ######....   100%        8    None
 Summon Horrible Things   Summ           ######....   100%        8    None


Dungeon Overview and Level Annotations

Branches:
Dungeon (15/15)            Temple (1/1) D:4            Lair (6/6) D:11
 Shoals (4/4) Lair:2       Spider (4/4) Lair:4        Slime (5/5) Lair:6
    Orc (2/2) D:11            Elf (3/3) Orc:2        Vaults (5/5) D:13
  Crypt (0/3) Vaults:2     Depths (5/5) D:15
    Zot: Depths:5

Altars:
Elyvilon
Fedhas
Gozag
Kikubaaqudgha
Makhleb
Nemelex Xobeh
Okawaru
Qazlal
Trog
Uskayaw
Vehumet
Yredelemnul
The Shining One
Beogh
Jiyva
Lugonu

Shops:
D:7 (   D:9 [   D:10 %   Orc:1 ?   Orc:2 :?[=   Shoals:3 =

Portals:
Hell: Lair:6 Depths:1 Depths:2 Depths:3 Depths:4
Abyss: Depths:2 Depths:4
Pandemonium: Depths:2 Depths:3

Annotations:
D:8 4 runed translucent doors
D:9 1 runed translucent door


Innate Abilities, Weirdness & Mutations

You cannot wear boots.
Your serpentine skin is tough. (AC +9)
You have supernaturally acute eyesight. (SInv)
Armour fits poorly on your strangely shaped body.
Your system is resistant to poisons. (rPois)
You cover ground very slowly.
You have a slow metabolism.
You can spit poison.
You can use your snake-like lower body to constrict enemies.
You have sharp fingernails.
You are surrounded by a mild repulsion field. (EV +2)
You are partially covered in icy blue scales. (AC +2)
Your mind is acute. (Int +2)
Your flesh is cold resistant. (rC+)
You are resistant to hostile enchantments. (MR+)
Your spells are a little harder to cast, but a little more powerful.


Message History

An orc high priest comes into view. It is wielding a +0 trident.
You hear a shout! 2 moths of wrath, 3 orcs, 2 trolls and 4 giants come into view.
Unknown command.
Unknown command.
Unknown command.
Unknown command.
Unknown command.
As you read the scroll of teleportation, it crumbles to dust.
You feel strangely unstable.
The stone giant hits you but does no damage.
The orc high priest mumbles some strange prayers to Beogh.
The orc high priest hits you with a +0 dire flail!
* * * LOW HITPOINT WARNING * * *
The moth of wrath goads the iron troll on!
The iron troll goes berserk!
The moth of wrath goads the juggernaut on!
The juggernaut goes berserk!
The orc warlord hits you with a +1 broad axe of electrocution!!
You die...

...............▓
▓...............▓
▓▓▓▓▓..)............▓▓▓▓
........................
......)....○☼☼vv........
.T4.o......°☼v○v........
oooyo3.....v°☼☼v........
oCC.C.oCT..vv○○vv.......
CoTCo.T@C..○v○v.........
ooT3Tyo......○..........
gCCy.o[...........†.....
o..y.oy..†..............
.oo.o4))................
.y......................
........................
........................
............


You could see 4 juggernauts, 6 orc warlords, 5 iron trolls, 5 stone giants, 5
orc high priests, a sun demon, 6 moths of wrath, a rust devil, a troll, a
ynoxinul, 3 orc sorcerers, a red devil, an orc warrior, an orc priest, 2 orc
wizards, a gnoll and 7 friendly fire vortices.

Vanquished Creatures
  the Royal Jelly (Slime:5)
  14 pandemonium lords
  2 ancient liches
  Mara (Shoals:4)
  9 juggernauts
  5 greater mummies
  10 Killer Klowns
  3 caustic shrikes
  Nikola (Spider:3)
  Jory (Depths:4)
  A golden dragon (shapeshifter) (Zig:23)
  5 golden dragons
  2 bone dragons
  the Enchantress (Depths:4)
  The ghost of Wisk the Earth Mage, an adept GrEE of Vehumet (Vaults:3)
  2 profane servitors (Zig:25)
  A Brimstone Fiend (Depths:3)
  13 tentacled monstrosities
  Jorgrun (Spider:1)
  An Ice Fiend (Depths:3)
  7 liches
  2 titans
  14 deep elf master archers
  40 acid blobs
  4 quicksilver dragons
  2 krakens
  12 deep elf blademasters
  3 quicksilver dragons (shapeshifter)
  9 sphinxes
  3 tentacled starspawn (Zig:25)
  A sphinx (shapeshifter) (Zig:23)
  3 shadow dragons (Vaults:5)
  A shadow dragon (shapeshifter) (Zig:23)
  Roxanne (Spider:2)
  4 ancient champions (Zig:13)
  9 tengu reavers
  3 thorn hunters (Zig:15)
  3 revenants (Zig:13)
  3 storm dragons
  7 draconian monks
  19 azure jellies
  3 azure jellies (shapeshifter)
  Donald (Vaults:2)
  7 deep elf sorcerers
  9 fire giants
  An imperial myrmidon (Desolation)
  A caustic shrike zombie (Zig:21)
  2 balrugs (Depths:3)
  4 ghost moths
  20 nagarajas
  4 draconian scorchers (Zig:20)
  A frost giant (shapeshifter) (Zig:23)
  A juggernaut zombie (Zig:21)
  Louise (Shoals:3)
  2 iron dragons
  6 orc warlords
  A cacodemon (Zig:23)
  16 vault wardens
  15 frost giants
  7 draconian knights (Zig:20)
  3 draconian annihilators (Zig:20)
  5 draconian shifters (Zig:20)
  8 deep elf elementalists
  5 draconian stormcallers (Zig:20)
  A curse skull (Zig:13)
  An angel (Zig:25)
  8 emperor scorpions
  A juggernaut skeleton (Zig:10)
  7 spriggan defenders
  A ghoul (Vaults:3)
  4 reapers
  18 ironheart preservers
  4 stone giants (shapeshifter)
  2 war gargoyles
  A corrupter (Zig:25)
  14 very ugly things
  21 stone giants
  2 vampire knights
  2 black draconians
  13 deep elf demonologists
  A green draconian (Zig:20)
  6 spark wasps
  15 deep elf annihilators
  4 entropy weavers
  4 red draconians
  11 purple draconians
  13 merfolk javelineers
  2 green deaths (Zig:15)
  2 white draconians (Zig:20)
  9 death oozes
  A dire elephant (Lair:6)
  9 ettins
  10 deep elf death magi
  9 statues (WizLab)
  15 mummy priests
  3 blizzard demons
  5 crystal guardians (Desolation)
  6 ragged hierophants (Desolation)
  6 jiangshi
  A fire dragon (shapeshifter) (Zig:23)
  12 yaktaur captains
  15 deep elf high priests
  8 merfolk impalers
  9 fire dragons
  16 great orbs of eyes
  A monstrous demonspawn (Depths:3)
  7 servants of whispers
  A quicksilver dragon skeleton (Zig:25)
  21 hydras
  10 ice dragons
  8 spriggan air magi
  35 vault guards
  A ghost crab (Zig:5)
  8 peacekeepers (Desolation)
  2 juggernaut simulacra
  3 rakshasas
  2 shambling mangroves
  3 naga warriors (Zig:22)
  2 merfolk avatars
  2 catoblepae
  11 centaur warriors
  An alligator snapping turtle (shapeshifter) (Zig:23)
  2 anacondas (Zig:22)
  5 alligator snapping turtles
  16 merfolk aquamancers
  6 alligators
  5 death knights
  44 two-headed ogres
  25 dancing weapons
  16 ogre magi
  4 satyrs
  3 tengu warriors
  5 death scarabs
  A hell hog (Zig:25)
  6 thrashing horrors (Zig:25)
  5 vampire magi
  The ghost of Potronius the Slicer, a journeyman VSGl of Uskayaw (Lair:2)
  7 deep troll earth magi
  6 naga sharpshooters (Zig:22)
  8 death yaks (Lair:6)
  6 deep troll shamans
  7 orc high priests
  2 soul eaters
  7 spriggan berserkers
  A storm dragon zombie (Zig:21)
  Nergalle (D:11)
  2 fire crabs (shapeshifter)
  7 hell knights (Depths:4)
  7 sun demons
  5 shock serpents (Zig:22)
  8 spriggans
  28 deep elf knights
  2 salamander mystics (Zig:22)
  5 iron trolls
  An iron troll (shapeshifter) (Zig:24)
  A golden dragon zombie (Zig:10)
  4 wretched stars (Zig:25)
  A spatial maelstrom (Zig:25)
  6 glowing orange brains
  A shadow wraith (Vaults:5)
  9 skeletal warriors
  A storm dragon skeleton (Zig:21)
  20 deep elf archers
  A torturous demonspawn (Depths:3)
  2 unseen horrors
  An unseen horror (shapeshifter) (Zig:23)
  2 sixfirhies
  6 wizards
  9 swamp dragons
  2 glowing orange brains (shapeshifter)
  27 deep trolls
  2 orange crystal statues (Zig:17)
  15 orc knights
  A spriggan druid (Zig:15)
  19 sea snakes
  2 naga ritualists (Zig:22)
  3 flayed ghosts
  A lindwurm (shapeshifter) (Depths:5)
  The ghost of nomicflux the Thaumaturge, a novice DEWz of Sif Muna (D:8)
  8 phantasmal warriors
  An obsidian statue (Zig:17)
  22 ironbrand convokers
  A lindwurm (Lair:2)
  A golden dragon skeleton (Zig:21)
  13 harpies
  6 necromancers
  4 mana vipers
  An iron dragon zombie (Depths:2)
  21 orb spiders
  A fire giant zombie (Depths:2)
  11 cyclopes
  85 deep elf magi
  2 oklob plants (Lair:4)
  8 shining eyes
  14 ugly things
  2 orb spiders (shapeshifter)
  A mana viper (shapeshifter) (Vaults:5)
  7 moths of wrath
  22 wolf spiders
  6 orc sorcerers
  3 worldbinders (Zig:25)
  19 manticores
  16 fauns
  A stone giant skeleton (Depths:2)
  A tengu skeleton (Depths:2)
  A manticore (shapeshifter) (Vaults:4)
  A cyclops (shapeshifter) (Zig:25)
  2 salamanders (Zig:22)
  2 moths of wrath (shapeshifter) (D:15)
  17 black mambas
  6 elephants
  2 fire giant skeletons
  10 merfolk sirens
  3 apocalypse crabs
  13 vault sentinels
  2 black mambas (shapeshifter)
  A rust devil (Depths:3)
  10 guardian serpents
  An eye of devastation (shapeshifter) (Depths:3)
  A water nymph (shapeshifter) (Zig:11)
  A gargoyle (D:12)
  5 smoke demons
  4 naga magi
  3 eyes of devastation
  2 ice statues
  3 centaur zombies
  17 water nymphs
  A spriggan skeleton (Zig:21)
  A hellion (Zig:23)
  2 torpor snails (Lair:6)
  17 spiny frogs
  3 orange demons
  41 yaktaurs
  13 komodo dragons
  A kobold demonologist (D:10)
  9 rime drakes
  7 demonic crawlers
  11 ice devils
  5 freezing wraiths
  3 tormentors (Zig:25)
  5 ancient zymes (Zig:25)
  A komodo dragon (shapeshifter) (Zig:2)
  4 hellwings
  4 efreet
  4 tengu conjurers
  4 red devils (Depths:2)
  14 guardian mummies
  4 trolls
  An elf skeleton (Zig:21)
  2 queen bees (shapeshifter)
  45 merfolk
  30 jumping spiders
  A meliai (shapeshifter) (Depths:4)
  10 small abominations
  A sphinx simulacrum (Depths:2)
  Prince Ribbit (D:6)
  A queen bee (D:8)
  4 tyrant leeches
  10 wind drakes
  A hornet (shapeshifter) (D:15)
  17 hornets
  4 bog bodies
  2 tengu simulacra
  164 slime creatures
  20 polar bears
  47 saltlings
  11 dream sheep
  11 snapping turtles
  A hippogriff (shapeshifter) (Depths:1)
  5 flying skulls
  12 blink frogs
  16 hippogriffs
  A raiju (Zig:25)
  12 large abominations (Zig:25)
  3 air elementals
  5 ynoxinuls
  Sigmund (D:3)
  79 redbacks
  4 starcursed masses (Zig:25)
  2 shadows
  32 tarantellas
  2 wyverns
  A yak (shapeshifter) (Zig:18)
  2 meliai zombies
  An elf zombie (Zig:21)
  36 water elementals
  11 ushabtiu
  4 wraiths
  36 yaks
  2 basilisks (shapeshifter)
  4 fire bats
  3 basilisks
  9 fire elementals
  8 golden eyes
  2 golden eyes (shapeshifter)
  2 chaos spawn
  9 vampire mosquitoes
  10 wargs
  A steam dragon (D:7)
  3 hungry ghosts
  3 neqoxecs (Zig:25)
  5 nagas (Zig:22)
  The ghost of fairyof the Insei, an amateur OpTm (D:3)
  A soldier ant (shapeshifter) (Vaults:2)
  An acid dragon (Vaults:2)
  2 insubstantial wisps
  11 water moccasins
  A swamp worm (shapeshifter) (Zig:9)
  5 hell hounds
  2 floating eyes
  A floating eye (shapeshifter) (Zig:11)
  A water moccasin (shapeshifter) (Zig:25)
  11 porcupines
  A sky beast (D:8)
  34 orc warriors
  6 swamp drakes
  5 ice beasts
  42 ogres
  9 eyes of draining
  5 black bears
  3 phantoms
  12 boggarts
  5 necrophages (Lair:3)
  14 centaurs
  12 wolves
  A wolf (shapeshifter) (Vaults:1)
  10 crocodiles
  15 big kobolds
  18 bullfrogs
  A wyvern zombie (D:6)
  8 earth elementals
  2 scorpions
  An orc simulacrum (Vaults:2)
  26 killer bees
  7 howler monkeys
  3 wights (D:8)
  2 bullfrog zombies
  2 lava snakes (D:10)
  9 crimson imps
  3 quasits
  3 centaur skeletons
  3 jellies
  13 orc priests
  A bullfrog skeleton (D:12)
  16 iguanas
  An iron imp (Depths:3)
  21 orc wizards
  5 hounds
  A hell rat (Lair:6)
  14 worker ants
  4 yak simulacra (Lair:2)
  5 wolf simulacra (Lair:2)
  2 hound skeletons
  A hound zombie (D:9)
  38 mummies
  A worker ant zombie (D:5)
  4 gnolls (D:10)
  12 adders
  2 river rats (D:3)
  3 shadow imps
  5 white imps
  2 ufetubi (Depths:3)
  2 adder zombies (D:9)
  5 worms
  A dart slug (D:2)
  4 leopard geckos
  84 orcs
  5 ball pythons
  9 bats
  4 giant cockroaches
  10 goblins
  10 hobgoblins
  11 jackals
  5 quokkas
  7 frilled lizards
  19 kobolds
  A leopard gecko zombie (D:9)
  2 quokka skeletons
  8 rats
  2 river rat simulacra (Lair:2)
  16 briar patches (Zig:15)
  11 crawling corpses (Zig:24)
  119 fire vortices
  3 fungi
  19 plants
  4 tentacles (Shoals:1)
3208 creatures vanquished.

Vanquished Creatures (collateral kills)
  A greater mummy (Zig:10)
  Asterion (Spider:4)
  A frost giant (Depths:1)
  A fire giant zombie (Zig:6)
  A necromancer (Depths:4)
  A deep elf mage (WizLab)
  An apocalypse crab (Zig:23)
  A tyrant leech (Zig:12)
  An air elemental (Zig:18)
  A wraith (D:12)
  2 chaos spawn
  A floating eye (shapeshifter) (Zig:11)
  8 mummies (Zig:21)
21 creatures vanquished.

Vanquished Creatures (others)
  2 two-headed ogres (Volcano)
  A deep elf archer (Elf:1)
  A demonic crawler (Spider:3)
  A tarantella (shapeshifter) (Zig:24)
  A bush (Lair:6)
  211 fire vortices
  5 fungi
  14 plants
  2 starspawn tentacles (Zig:25)
  12 tentacles
250 creatures vanquished.

Grand Total: 3479 creatures vanquished

Notes
Turn   | Place    | Note
-------+----------+-------------------------------------------
     0 | D:1      | Dfrag the Naga Fire Elementalist began the quest for the
                  | Orb.
     0 | D:1      | Reached XP level 1. HP: 15/15 MP: 3/3
   109 | D:1      | Reached XP level 2. HP: 22/22 MP: 5/5
   336 | D:1      | Reached XP level 3. HP: 23/28 MP: 1/6
  1149 | D:2      | Reached XP level 4. HP: 36/36 MP: 6/8
  1199 | D:2      | Learned a level 3 spell: Conjure Flame
  1204 | D:2      | Learned a level 4 spell: Sticky Flame
  1517 | D:3      | Reached XP level 5. HP: 36/42 MP: 4/9
  1623 | D:3      | Found a runed translucent door.
  1633 | D:3      | Noticed fairyof's ghost (amateur OpTm)
  1842 | D:3      | Found a runed translucent door.
  1920 | D:3      | Noticed Sigmund
  1969 | D:3      | Killed Sigmund
  1969 | D:3      | Reached XP level 6. HP: 42/49 MP: 1/11
  2389 | D:3      | Learned a level 3 spell: Inner Flame
  2395 | D:3      | Killed fairyof's ghost
  2395 | D:3      | Reached skill level 5 in Fire Magic
  2399 | D:3      | Reached XP level 7. HP: 37/55 MP: 5/13
  2989 | D:4      | Found a staircase to the Ecumenical Temple.
  3014 | Temple   | Entered the Ecumenical Temple
  3052 | Temple   | Became a worshipper of Vehumet
  3229 | D:4      | Gained mutation: You are dopey. (Int -2) [potion of
                  | mutation]
  3229 | D:4      | Gained mutation: Your tail ends in a poisonous barb.
                  | [potion of mutation]
  3229 | D:4      | Gained mutation: You are agile. (Dex +2) [potion of
                  | mutation]
  3229 | D:4      | Lost mutation: You are dopey. (Int -2) [potion of mutation]
  3262 | D:4      | Reached skill level 5 in Spellcasting
  3262 | D:4      | Reached skill level 5 in Conjurations
  3262 | D:4      | Reached XP level 8. HP: 60/62 MP: 3/15
  3694 | D:4      | Got a crude helmet
  3700 | D:4      | Identified the cursed +0 helmet of Perfidy {Dex+4} (You
                  | found it on level 4 of the Dungeon)
  3702 | D:5      | Entered Level 5 of the Dungeon
  3815 | D:5      | Found a burning altar of Makhleb.
  3815 | D:5      | Noticed an Executioner
  3833 | D:5      | Reached * piety under Vehumet
  3833 | D:5      | Offered knowledge of Magic Dart by Vehumet.
  3881 | D:5      | Found a glowing golden altar of the Shining One.
  4028 | D:5      | Got a bloodstained leather armour
  4043 | D:5      | Learned a level 5 spell: Fireball
  4621 | D:6      | Reached XP level 9. HP: 44/68 MP: 10/18
  4640 | D:6      | Noticed Prince Ribbit
  4654 | D:6      | Killed Prince Ribbit
  4740 | D:6      | Identified the +3 leather armour of Fortification {rElec
                  | rC++ Int+2} (You found it on level 5 of the Dungeon)
  5215 | D:6      | Noticed a troll
  5223 | D:6      | Killed a troll
  5790 | D:7      | Found Dume's Antique Weapon Emporium.
  5803 | D:7      | Got a clouded platinum amulet
  5812 | D:7      | Identified the amulet "Sait" {Faith Fragile rC++} (You
                  | found it on level 7 of the Dungeon)
  5924 | D:7      | Found a blossoming altar of Fedhas.
  6267 | D:7      | Reached XP level 10. HP: 55/75 MP: 4/21
  6529 | D:8      | Found a large runed translucent door.
  6532 | D:8      | Found a large runed translucent door.
  6533 | D:8      | Noticed a tengu warrior
  6533 | D:8      | Noticed a death knight
  6601 | D:8      | Found a large runed translucent door.
  6601 | D:8      | Found a large runed translucent door.
  6631 | D:8      | Noticed a cyclops
  6633 | D:8      | Reached ** piety under Vehumet
  6634 | D:8      | Killed a cyclops
  6634 | D:8      | Offered knowledge of Freeze by Vehumet.
  7022 | D:8      | Offered knowledge of Mephitic Cloud by Vehumet.
  7138 | D:8      | Found a transporter.
  7138 | D:8      | Noticed nomicflux's ghost (novice DEWz)
  7181 | D:8      | Found a transporter.
  7195 | D:8      | Killed nomicflux's ghost
  7316 | D:8      | Reached *** piety under Vehumet
  7703 | D:9      | Reached skill level 10 in Fire Magic
  7703 | D:9      | Reached XP level 11. HP: 62/81 MP: 13/24
  7726 | D:9      | Found a glowing golden altar of the Shining One.
  7726 | D:9      | Noticed an angel
  7728 | D:9      | Found a runed translucent door.
  7732 | D:9      | Offered knowledge of Olgreb's Toxic Radiance by Vehumet.
  7941 | D:9      | Found Lapor's Armour Emporium.
  8219 | D:10     | Entered Level 10 of the Dungeon
  8219 | D:10     | Noticed an unseen horror
  8221 | D:10     | Killed an unseen horror
  8230 | D:10     | Found Hocyub's Food Shoppe.
  8356 | D:10     | Reached **** piety under Vehumet
  8479 | D:10     | Noticed a two-headed ogre
  8487 | D:10     | Killed a two-headed ogre
  8487 | D:10     | Reached skill level 10 in Conjurations
  8690 | D:10     | Learned a level 3 spell: Stone Arrow
  8725 | D:10     | Offered knowledge of Iskenderun's Battlesphere by Vehumet.
  8734 | D:10     | Learned a level 5 spell: Iskenderun's Battlesphere
  9417 | D:11     | Found a staircase to the Orcish Mines.
  9539 | D:11     | Reached skill level 10 in Spellcasting
  9668 | D:11     | Noticed an unseen horror
  9671 | D:11     | Killed an unseen horror
  9817 | D:11     | Noticed a skeletal warrior
  9817 | D:11     | Noticed a skeletal warrior
  9817 | D:11     | Noticed a skeletal warrior
  9817 | D:11     | Noticed a skeletal warrior
  9819 | D:11     | Noticed Nergalle
  9820 | D:11     | Killed a skeletal warrior
  9821 | D:11     | Killed a skeletal warrior
  9821 | D:11     | Reached XP level 12. HP: 79/88 MP: 12/26
 10102 | D:11     | Found a staircase to the Lair.
 10301 | D:11     | Killed Nergalle
 10618 | D:12     | Noticed an eight-headed hydra
 10620 | D:12     | Killed an eight-headed hydra
 10643 | D:12     | Reached ***** piety under Vehumet
 10643 | D:12     | Offered knowledge of Iskenderun's Mystic Blast by Vehumet.
 10661 | D:12     | Learned a level 4 spell: Iskenderun's Mystic Blast
 11073 | Lair:1   | Entered Level 1 of the Lair of Beasts
 11074 | Lair:1   | Noticed an eight-headed hydra
 11092 | Lair:1   | Killed an eight-headed hydra
 12078 | Lair:2   | Noticed a four-headed hydra
 12084 | Lair:2   | Killed a four-headed hydra
 12550 | Lair:2   | Found a staircase to the Shoals.
 12669 | Lair:2   | Found a transporter.
 12669 | Lair:2   | Noticed Potronius's ghost (journeyman VSGl)
 12773 | Lair:2   | Gained mutation: You can use your snake-like lower body to
                  | constrict enemies. [Naga growth]
 12773 | Lair:2   | Reached XP level 13. HP: 94/94 MP: 11/28
 13032 | Lair:2   | Found a transporter.
 13509 | Lair:2   | Killed Potronius's ghost
 14365 | Lair:3   | Reached skill level 1 in Fighting
 14962 | Lair:4   | Reached skill level 5 in Stealth
 15243 | Lair:4   | Offered knowledge of Throw Icicle by Vehumet.
 15679 | Lair:4   | Found a hole to the Spider Nest.
 15902 | Lair:4   | Reached XP level 14. HP: 114/114 MP: 7/30
 16540 | Lair:5   | Found a dark tunnel.
 16565 | Volcano  | Entered a volcano
 16811 | Volcano  | Reached skill level 5 in Fighting
 16944 | Volcano  | Noticed a red draconian
 16954 | Volcano  | Killed a red draconian
 17128 | Volcano  | Found a radiant altar of Vehumet.
 17166 | Volcano  | Got a pair of spiked gloves
 17179 | Volcano  | Identified the +1 pair of gloves of Rageycat {rPois Regen+
                  | Int-2 Dex+6} (You found it in a volcano)
 17924 | Lair:6   | Entered Level 6 of the Lair of Beasts
 18610 | Lair:6   | Found a viscous altar of Jiyva.
 18611 | Lair:6   | Found a staircase to the Slime Pits.
 19152 | Lair:6   | Noticed a dire elephant
 19156 | Lair:6   | Killed a dire elephant
 19303 | Lair:6   | Found a burning altar of Makhleb.
 19309 | Lair:6   | Reached XP level 15. HP: 129/129 MP: 20/32
 19535 | Lair:6   | Offered knowledge of Lightning Bolt by Vehumet.
 19540 | Lair:6   | Found a gateway to Hell.
 19551 | Lair:6   | Got a twisted whip
 19554 | Lair:6   | Identified the +6 whip of Dfrag's Bloody Death {flame,
                  | rElec rF++ Int+2 Dex-4} (You found it on level 6 of the
                  | Lair of Beasts)
 19562 | Lair:6   | Lost mutation: You are agile. (Dex +2) [potion of mutation]
 19562 | Lair:6   | Lost mutation: Your tail ends in a poisonous barb. [potion
                  | of mutation]
 19562 | Lair:6   | Gained mutation: You are agile. (Dex +2) [potion of
                  | mutation]
 19562 | Lair:6   | Gained mutation: Your tail ends in a poisonous barb.
                  | [potion of mutation]
 19563 | Lair:6   | Lost mutation: You are agile. (Dex +2) [potion of mutation]
 19563 | Lair:6   | Gained mutation: You are partially covered in icy blue
                  | scales. (AC +2) [potion of mutation]
 19563 | Lair:6   | Gained mutation: You can exhale a cloud of poison. [potion
                  | of mutation]
 19563 | Lair:6   | Gained mutation: Your flesh is cold resistant. (rC+)
                  | [potion of mutation]
 19564 | Lair:6   | Lost mutation: You can exhale a cloud of poison. [potion of
                  | mutation]
 19564 | Lair:6   | Lost mutation: Your flesh is cold resistant. (rC+) [potion
                  | of mutation]
 19564 | Lair:6   | Gained mutation: Your mind is acute. (Int +2) [potion of
                  | mutation]
 19564 | Lair:6   | Gained mutation: You are partially covered in iridescent
                  | scales. (AC +2) [potion of mutation]
 19564 | Lair:6   | Gained mutation: Your flesh is cold resistant. (rC+)
                  | [potion of mutation]
 19924 | Orc:1    | Entered Level 1 of the Orcish Mines
 19924 | Orc:1    | Found Pair's Magic Scroll Shoppe.
 19971 | Orc:1    | Bought 3 scrolls of identify for 66 gold pieces
 19971 | Orc:1    | Bought a scroll of blinking for 82 gold pieces
 19971 | Orc:1    | Bought a scroll of identify for 22 gold pieces
 19971 | Orc:1    | Bought a scroll of identify for 22 gold pieces
 19971 | Orc:1    | Bought a scroll of acquirement for 572 gold pieces
 19971 | Orc:1    | Bought a scroll of identify for 22 gold pieces
 20091 | Orc:1    | Found a roughly hewn altar of Beogh.
 20276 | Orc:2    | Entered Level 2 of the Orcish Mines
 21078 | Orc:2    | Found a staircase to the Elven Halls.
 21173 | Orc:2    | Found Jeiniut's Jewellery Emporium.
 21173 | Orc:2    | Found Eliucac's Book Boutique.
 21181 | Orc:2    | Found Gupakhex's Magic Scroll Boutique.
 21181 | Orc:2    | Found Akhing's Antique Armour Emporium.
 21200 | Orc:2    | Bought a pitted cloak for 285 gold pieces
 21200 | Orc:2    | Bought a brightly glowing cloak for 285 gold pieces
 21201 | Orc:2    | Identified the cursed -1 cloak of the Journeyman {rN+} (You
                  | bought it in a shop on level 2 of the Orcish Mines)
 21202 | Orc:2    | Identified the -3 cloak "Zuiv" {MR+} (You bought it in a
                  | shop on level 2 of the Orcish Mines)
 21208 | Orc:2    | Bought a translucent troll leather armour for 600 gold
                  | pieces
 21209 | Orc:2    | Identified the +7 troll leather armour of Adoil {rF+
                  | Regen+} (You bought it in a shop on level 2 of the Orcish
                  | Mines)
 21224 | Orc:2    | Bought 2 scrolls of identify for 64 gold pieces
 21224 | Orc:2    | Bought a scroll of teleportation for 48 gold pieces
 21885 | D:12     | Offered knowledge of Bolt of Magma by Vehumet.
 21897 | D:12     | Learned a level 5 spell: Bolt of Magma
 22329 | D:13     | Found a frozen archway.
 22381 | IceCv    | Entered an ice cave
 22876 | IceCv    | Noticed a frost giant
 22880 | IceCv    | Killed a frost giant
 23146 | IceCv    | Got a brightly glowing great mace
 23230 | IceCv    | Identified the +7 great mace "Himit" {crush, rF+++ Int-5}
                  | (You found it in an ice cave)
 23566 | D:13     | Found a gate to the Vaults.
 23570 | D:13     | Reached skill level 15 in Conjurations
 23570 | D:13     | Offered knowledge of Bolt of Cold by Vehumet.
 23575 | D:13     | Reached XP level 16. HP: 138/138 MP: 2/34
 24793 | D:15     | Entered Level 15 of the Dungeon
 24924 | D:15     | Reached skill level 15 in Spellcasting
 25360 | D:15     | Reached skill level 15 in Fire Magic
 25879 | D:15     | Found a staircase to the Depths.
 26078 | D:15     | Offered knowledge of Conjure Ball Lightning by Vehumet.
 26449 | Shoals:1 | Entered Level 1 of the Shoals
 26626 | Shoals:1 | HP: 5/138 [merfolk javelineer/silver javelin (3)]
 26872 | Shoals:1 | Reached XP level 17. HP: 144/144 MP: 21/36
 27155 | Shoals:1 | Identified the +1 leather armour of Amorality {+Blink Str+3
                  | Dex+4}
 27214 | Shoals:1 | Noticed a kraken
 27435 | Shoals:1 | Killed a kraken
 27559 | Shoals:2 | Noticed a kraken
 27581 | Shoals:2 | Killed a kraken
 27945 | Shoals:2 | Offered knowledge of Bolt of Fire by Vehumet.
 28727 | Shoals:3 | Found Asinwa's Jewellery Shoppe.
 28773 | Shoals:3 | Noticed Louise
 28926 | Shoals:3 | Killed Louise
 29322 | Shoals:4 | Entered Level 4 of the Shoals
 29439 | Shoals:4 | Noticed Mara
 29868 | Shoals:4 | Learned a level 6 spell: Bolt of Fire
 30218 | Shoals:4 | Noticed Dfrag's illusion
 30222 | Shoals:4 | Identified the +1 robe "Waqefiom" {*Corrode rF+ MP+9 Str+4}
 30251 | Shoals:4 | Reached XP level 18. HP: 144/152 MP: 19/38
 30422 | Spider:1 | Entered Level 1 of the Spider Nest
 30427 | Spider:1 | Noticed Jorgrun
 30436 | Spider:1 | Killed Jorgrun
 30657 | Spider:1 | Got a scintillating granite ring
 30658 | Spider:1 | Identified the ring of Akealei {Int+3 Stlth+} (You found it
                  | on level 1 of the Spider Nest)
 31070 | Spider:1 | Reached ****** piety under Vehumet
 32087 | Spider:2 | Offered knowledge of Fire Storm by Vehumet.
 32087 | Spider:2 | Offered knowledge of Shatter by Vehumet.
 32087 | Spider:2 | Offered knowledge of Ignition by Vehumet.
 32113 | Spider:1 | Learned a level 8 spell: Ignition
 32123 | Spider:1 | Learned a level 9 spell: Fire Storm
 32207 | Spider:2 | Noticed Roxanne
 32978 | Spider:2 | Killed Roxanne
 33021 | Spider:3 | Noticed Nikola
 33292 | Spider:3 | Killed Nikola
 34483 | Spider:4 | Entered Level 4 of the Spider Nest
 34526 | Spider:4 | Got an ancient naga barding
 34532 | Spider:4 | Identified the +3 naga barding of Loss {+Blink rN+ Str+3
                  | Int+3} (You acquired it on level 4 of the Spider Nest)
 34648 | Spider:4 | Reached skill level 1 in Shields
 34705 | Spider:4 | Noticed Asterion
 34709 | Spider:4 | Killed Asterion
 34709 | Spider:4 | Reached XP level 19. HP: 159/159 MP: 12/40
 35274 | Spider:4 | Got a gossamer rune of Zot
 35723 | Slime:1  | Entered Level 1 of the Pits of Slime
 35726 | Slime:1  | Gained mutation: Your magical capacity is low. (-10% MP) [a
                  | shining eye]
 36260 | Slime:4  | Reached skill level 5 in Shields
 36264 | Slime:4  | Gained mutation: You tend to lose your temper in combat. [a
                  | shining eye]
 36285 | Slime:5  | Entered Level 5 of the Pits of Slime
 36298 | Slime:5  | Noticed the Royal Jelly
 36303 | Slime:5  | Reached XP level 20. HP: 48/166 MP: 29/37
 36304 | Slime:5  | Killed the Royal Jelly
 36635 | Slime:5  | Gained mutation: You are resistant to hostile enchantments.
                  | (MR+) [a shining eye]
 36819 | Slime:5  | Found the +18 shield of the Gong {rElec rN+ MR+ EV-5}
 36846 | Slime:5  | Got a slimy rune of Zot
 36866 | Slime:5  | Got a transparent chain mail
 36868 | Slime:5  | Identified the cursed +1 chain mail "Woemet" {*Corrode
                  | rN+++ Str-2 Slay+5} (You found it on level 5 of the Pits of
                  | Slime)
 36955 | Slime:5  | Identified Fiuli's Compendium of Ashen Evil
 37020 | Slime:5  | Got a brightly glowing scimitar
 37039 | Slime:5  | Identified the +3 scimitar of Yvoupis {freeze, rC+ rN+
                  | Int-3} (You found it on level 5 of the Pits of Slime)
 37444 | Shoals:4 | Noticed Dfrag's illusion
 37571 | Shoals:4 | Killed Mara
 37668 | Shoals:4 | Got a barnacled rune of Zot
 37810 | Shoals:4 | Found the amulet of the Four Winds {rN+ MR+++ Clar}
 38182 | Elf:1    | Entered Level 1 of the Elven Halls
 38230 | Elf:1    | Found a ruined gateway.
 38381 | Desolati | Entered the Desolation of Salt
 38533 | Desolati | Got a pitted buckler
 38545 | Desolati | Identified the +2 buckler "Abeushopn" {rPois rCorr Stlth+}
                  | (You found it in the Desolation of Salt)
 38547 | Desolati | Identified Tuckom's Catalogue of Dislocated Toxins
 38549 | Desolati | Identified the Collected Works on Confrontation
 38559 | Desolati | Got a transparent crystal amulet
 38575 | Desolati | Got a shimmering pewter ring
 38820 | Desolati | Reached XP level 21. HP: 162/174 MP: 14/39
 38922 | Desolati | Got a slimy platinum amulet
 38923 | Desolati | Identified Vehumet's Tome of Confrontation
 39161 | Desolati | Identified the Collected Works on Combat Magic
 39177 | Desolati | Identified the Grimoire of Harmful Contamination
 39609 | Elf:1    | Lost mutation: Your magical capacity is low. (-10% MP)
                  | [potion of mutation]
 39609 | Elf:1    | Lost mutation: You are partially covered in iridescent
                  | scales. (AC +2) [potion of mutation]
 39609 | Elf:1    | Lost mutation: You tend to lose your temper in combat.
                  | [potion of mutation]
 39609 | Elf:1    | Lost mutation: Your tail ends in a poisonous barb. [potion
                  | of mutation]
 39609 | Elf:1    | Gained mutation: You have sharp fingernails. [potion of
                  | mutation]
 39609 | Elf:1    | Gained mutation: Your spells are a little harder to cast,
                  | but a little more powerful. [potion of mutation]
 39609 | Elf:1    | Gained mutation: You are surrounded by a mild repulsion
                  | field. (EV +2) [potion of mutation]
 39658 | Elf:1    | Identified the amulet "Oppil" {+Rage rPois rF+ Int+2 Dex-2}
                  | (You found it in the Desolation of Salt)
 40446 | Elf:2    | Found a runed translucent gate.
 40447 | Elf:2    | Identified the amulet "Itilus" {Acrobat SInv} (You found it
                  | in the Desolation of Salt)
 40450 | Elf:2    | Found a runed translucent gate.
 40488 | Elf:2    | Found a runed translucent gate.
 40759 | Elf:3    | Entered Level 3 of the Elven Halls
 41605 | Elf:3    | Identified the +7 falchion "Obiratys" {vamp, rF+ rC- Dex+6}
 41711 | Elf:3    | Identified the Papyrus of the Mutagenic Arsonist
 41727 | Elf:3    | Identified the ring of Coevvuf {rElec rF+ rN+ MP+9} (You
                  | found it in the Desolation of Salt)
 41760 | Elf:3    | Identified Eclerr's Handbook of Venomous Creation
 41843 | Elf:3    | Reached XP level 22. HP: 174/181 MP: 32/45
 41925 | Elf:3    | Got faintly glowing gold dragon scales
 41961 | Elf:3    | Got a transparent rapier
 41965 | Elf:3    | Identified the +8 rapier "Ysuymp" {flame, -Tele rElec Str+4
                  | Stlth-} (You found it on level 3 of the Elven Halls)
 41974 | Elf:3    | Got a faintly glowing hand axe
 41976 | Elf:3    | Identified the +8 hand axe "Eryleach" {pain, rF+ rC+
                  | Stlth+} (You found it on level 3 of the Elven Halls)
 42426 | Vaults:1 | Entered Level 1 of the Vaults
 43292 | Vaults:1 | Found a portal to a secret trove of treasure.
 43449 | Vaults:1 | Identified the +1 gold dragon scales of the Fiddle {rPois
                  | rF+ rC+ rN+ rCorr} (You found it on level 3 of the Elven
                  | Halls)
 43474 | Vaults:1 | You paid a toll of 5 potions of resistance to enter a
                  | treasure trove
 43475 | Trove    | Entered a treasure trove
 43534 | Trove    | Identified the Tome of Conjuration
 43560 | Trove    | Got a clouded emerald amulet
 44220 | Vaults:2 | Found a staircase to the Crypt.
 44243 | Vaults:2 | Reached skill level 1 in Earth Magic
 44466 | Vaults:2 | Reached skill level 5 in Earth Magic
 44551 | Vaults:2 | Noticed Donald
 44553 | Vaults:2 | Killed Donald
 45475 | Vaults:3 | Found a large runed translucent door.
 45475 | Vaults:3 | Found a large runed translucent door.
 45475 | Vaults:3 | Noticed Wisk's ghost (adept GrEE)
 45636 | Vaults:3 | Killed Wisk's ghost
 45651 | Vaults:3 | Got a crude ring mail
 45653 | Vaults:3 | Identified the +1 ring mail of Trial and Error {rC+++ rCorr
                  | Dex-4 Stlth-} (You found it on level 3 of the Vaults)
 45714 | Vaults:3 | Identified the amulet of Neurosis {Reflect Slay+2 SH+5}
 45722 | Vaults:3 | Got a pitted ring mail
 45756 | Vaults:3 | Reached XP level 23. HP: 188/188 MP: 47/47
 45845 | Vaults:3 | Reached skill level 10 in Earth Magic
 46739 | Vaults:4 | Identified the +1 ring mail of Eternity {rF++ Str-3} (You
                  | found it on level 3 of the Vaults)
 46883 | Vaults:4 | Found a hide-covered altar of Uskayaw.
 47759 | Vaults:5 | Entered Level 5 of the Vaults
 48016 | Depths:1 | Entered Level 1 of the Depths
 48018 | Depths:1 | Identified the amulet of the Bouncing Tales {Inacc rC+}
                  | (You found it in a treasure trove)
 48025 | Depths:1 | Found a magical portal.
 48050 | WizLab   | Entered Iskenderun's Mystic Tower
 48704 | WizLab   | Reached XP level 24. HP: 195/195 MP: 41/47
 48904 | WizLab   | Identified Iskenderun's Grimoire of Confrontation
 48904 | WizLab   | Identified Iskenderun's Collected Works on Attacks
 48921 | WizLab   | Got a dazzling scale mail
 49026 | WizLab   | Identified the +6 scale mail of the Blind Marksman {MP+9}
                  | (You found it in a wizard's laboratory)
 49059 | Depths:1 | Found a gateway to a ziggurat.
 49719 | Depths:1 | Found a white marble altar of Elyvilon.
 50393 | Depths:2 | Found a one-way gate leading to the halls of Pandemonium.
 50711 | Depths:2 | Noticed a juggernaut
 50715 | Depths:2 | Killed a juggernaut
 50715 | Depths:2 | Reached skill level 15 in Earth Magic
 51006 | Depths:2 | Found a one-way gate to the infinite horrors of the Abyss.
 51268 | Depths:2 | Got a crude plate armour
 51269 | Depths:2 | Identified the +3 plate armour of the Original Sin {Str+5}
                  | (You found it on level 2 of the Depths)
 51901 | Depths:3 | Found a runed translucent gate.
 51901 | Depths:3 | Found a runed translucent gate.
 51901 | Depths:3 | Found a runed translucent gate.
 51901 | Depths:3 | Found a runed translucent gate.
 51901 | Depths:3 | Found a runed translucent gate.
 51901 | Depths:3 | Found a runed translucent gate.
 51902 | Depths:3 | Found the +2 Maxwell's thermic engine {flame, freeze}
 52059 | Depths:3 | Reached XP level 25. HP: 162/202 MP: 38/47
 53005 | Depths:4 | Identified the +2 faerie dragon scales {rC+ rCorr Dex+4
                  | SInv}
 53005 | Depths:4 | Noticed the Enchantress
 53013 | Depths:4 | Killed the Enchantress
 53034 | Depths:4 | Paralysed by a floating eye for 3 turns
 53384 | Depths:4 | Found a corrupted altar of Lugonu.
 53440 | Depths:4 | Learned a level 9 spell: Shatter
 54057 | Depths:4 | Noticed Jory
 54061 | Depths:4 | Killed Jory
 54780 | Depths:5 | Entered Level 5 of the Depths
 55263 | Vaults:5 | Reached XP level 26. HP: 209/210 MP: 48/48
 55682 | Vaults:5 | Identified the ring of the Slug {rC+ Dex+2}
 56162 | Vaults:5 | Identified the +2 troll leather armour of the Tundras
                  | {Regen+ Int+5}
 56183 | Vaults:5 | Noticed an ancient lich
 56185 | Vaults:5 | Killed an ancient lich
 56411 | Vaults:5 | Reached XP level 27. HP: 217/217 MP: 44/48
 56712 | Vaults:5 | Got a silver rune of Zot
 56727 | Vaults:5 | Got a bloodstained scale mail
 57214 | Orc:2    | Bought a scroll of acquirement for 832 gold pieces
 57220 | Orc:2    | Got a bloodstained crystal plate armour
 57239 | Orc:2    | Identified the +5 scale mail of the Soldier {rElec} (You
                  | found it on level 5 of the Vaults)
 57487 | Zig:1    | Entered Level 1 of a ziggurat
 57506 | Zig:2    | Entered Level 2 of a ziggurat
 57524 | Zig:3    | Entered Level 3 of a ziggurat
 57568 | Zig:4    | Entered Level 4 of a ziggurat
 57604 | Zig:5    | Entered Level 5 of a ziggurat
 57635 | Zig:6    | Entered Level 6 of a ziggurat
 57663 | Zig:7    | Entered Level 7 of a ziggurat
 57695 | Zig:7    | Identified the +1 crystal plate armour "Zefelunuss" {rPois
                  | MR- Int+2 Slay+3} (You acquired it on level 2 of the Orcish
                  | Mines)
 57720 | Zig:8    | Entered Level 8 of a ziggurat
 57755 | Zig:8    | Got a pitted copper ring
 57778 | Zig:9    | Entered Level 9 of a ziggurat
 57822 | Zig:9    | Learned a level 9 spell: Tornado
 57843 | Zig:9    | Identified the ring "Zelety" {rF++ Str+6 Dex-5 SInv} (You
                  | found it on level 8 of a ziggurat)
 57890 | Zig:10   | Entered Level 10 of a ziggurat
 57899 | Zig:10   | Noticed a greater mummy
 57900 | Zig:10   | Reached skill level 1 in Armour
 57900 | Zig:10   | Reached skill level 1 in Air Magic
 57902 | Zig:10   | Reached skill level 2 in Air Magic
 57902 | Zig:10   | Killed a greater mummy
 57903 | Zig:10   | Noticed a greater mummy
 57904 | Zig:10   | Killed a greater mummy
 57904 | Zig:10   | Reached skill level 3 in Air Magic
 57937 | Zig:10   | Got a brightly glowing ring mail
 57949 | Zig:10   | Identified the +4 ring mail "Jiggezy" {rF+ Dex+6 Slay+5}
                  | (You found it on level 10 of a ziggurat)
 58003 | Zig:11   | Entered Level 11 of a ziggurat
 58008 | Zig:11   | Noticed Ollouniof the pandemonium lord
 58010 | Zig:11   | Reached skill level 5 in Armour
 58010 | Zig:11   | Reached skill level 4 in Air Magic
 58012 | Zig:11   | Killed Ollouniof the pandemonium lord
 58012 | Zig:11   | Reached skill level 5 in Air Magic
 58054 | Zig:11   | Identified the Compendium of Air and Evil
 58075 | Zig:12   | Entered Level 12 of a ziggurat
 58084 | Zig:12   | Reached skill level 6 in Air Magic
 58094 | Zig:12   | Reached skill level 7 in Air Magic
 58130 | Zig:12   | Identified the Tome of Necromancy and the Mountains
 58163 | Zig:13   | Entered Level 13 of a ziggurat
 58174 | Zig:13   | Reached skill level 8 in Air Magic
 58177 | Zig:13   | Reached skill level 10 in Armour
 58218 | Zig:13   | Reached skill level 9 in Air Magic
 58229 | Zig:14   | Entered Level 14 of a ziggurat
 58248 | Zig:14   | Reached skill level 10 in Air Magic
 58251 | Zig:14   | Found the +8 arc blade {discharge, rElec}
 58261 | Zig:14   | Got a transparent plate armour
 58297 | Zig:15   | Entered Level 15 of a ziggurat
 58315 | Zig:15   | Reached skill level 11 in Air Magic
 58329 | Zig:15   | Reached skill level 12 in Air Magic
 58357 | Zig:15   | Identified the +4 plate armour "Mugekop" {rF++ MR- Dex+5}
                  | (You found it on level 14 of a ziggurat)
 58392 | Zig:15   | Identified the Collected Works on the Helpful Snowflakes
 58428 | Zig:16   | Entered Level 16 of a ziggurat
 58461 | Zig:16   | Got a crude ivory ring
 58465 | Zig:16   | Identified the ring "Okosunt" {rCorr *Corrode rElec Dex+5}
                  | (You found it on level 16 of a ziggurat)
 58479 | Zig:16   | Got a steaming wooden ring
 58481 | Zig:16   | Identified the ring "Lophias" {Fire Dex+7 Stlth-} (You
                  | found it on level 16 of a ziggurat)
 58532 | Zig:17   | Entered Level 17 of a ziggurat
 58544 | Zig:17   | Reached skill level 15 in Armour
 58544 | Zig:17   | Reached skill level 13 in Air Magic
 58572 | Zig:17   | Identified the Incunabulum of Congealing Contamination
 58582 | Zig:17   | Got a heavily runed granite ring
 58585 | Zig:17   | Identified the ring "Pexixam" {rPois rF+ Int+7 Dex-3} (You
                  | found it on level 17 of a ziggurat)
 58602 | Zig:17   | Identified the Papyrus of Supportive Earth
 58637 | Zig:18   | Entered Level 18 of a ziggurat
 58657 | Zig:18   | Reached skill level 14 in Air Magic
 58679 | Zig:18   | Identified Tumurgh's Volume of Battle Magic and the
                  | Volcanoes
 58773 | Zig:18   | Got a brightly glowing turquoise ring
 58777 | Zig:18   | Identified the ring of Accord {rPois rC+ EV+3 Str+5} (You
                  | found it on level 18 of a ziggurat)
 58795 | Zig:19   | Entered Level 19 of a ziggurat
 58831 | Zig:19   | Reached skill level 15 in Air Magic
 58958 | Zig:19   | Identified The Lost Secrets of the Hermit's Heritage
 58977 | Zig:20   | Entered Level 20 of a ziggurat
 58998 | Zig:20   | Reached skill level 16 in Air Magic
 59089 | Zig:20   | Got a heavily runed lapis lazuli ring
 59091 | Zig:20   | Identified the ring of Kynuyfos {Int+3 SInv} (You found it
                  | on level 20 of a ziggurat)
 59097 | Zig:20   | Identified the Collected Works on Attacks
 59115 | Zig:20   | Identified Covoev's Handbook of Transformation and Stones
 59128 | Zig:21   | Entered Level 21 of a ziggurat
 59145 | Zig:21   | Reached skill level 17 in Air Magic
 59148 | Zig:21   | Noticed a greater mummy
 59148 | Zig:21   | Noticed a greater mummy
 59150 | Zig:21   | Noticed a greater mummy
 59151 | Zig:21   | Killed a greater mummy
 59151 | Zig:21   | Killed a greater mummy
 59152 | Zig:21   | Killed a greater mummy
 59153 | Zig:21   | Noticed a greater mummy
 59154 | Zig:21   | Killed a greater mummy
 59154 | Zig:21   | Reached skill level 18 in Air Magic
 59204 | Zig:21   | Noticed an ancient lich
 59208 | Zig:21   | Killed an ancient lich
 59317 | Zig:21   | Found the +8 Wrath of Trog {antimagic, *Rage}
 59370 | Zig:21   | Got an ichor-stained battleaxe
 59371 | Zig:21   | Identified the +8 battleaxe "Pipiah" {freeze, +Inv Str+5
                  | Int+4 Stlth+} (You found it on level 21 of a ziggurat)
 59378 | Zig:21   | Got a warped battleaxe
 59379 | Zig:21   | Identified the cursed +0 battleaxe "Feddiog" {antimagic,
                  | rElec Dex+3} (You found it on level 21 of a ziggurat)
 59391 | Zig:22   | Entered Level 22 of a ziggurat
 59413 | Zig:22   | Reached skill level 19 in Air Magic
 59430 | Zig:22   | Found the +7 longbow "Piercer" {penet, EV-2}
 59452 | Zig:22   | Got a brightly glowing amethyst amulet
 59453 | Zig:22   | Identified the amulet "Geikel" {Gourm rC+ Stlth+} (You
                  | found it on level 22 of a ziggurat)
 59547 | Zig:23   | Entered Level 23 of a ziggurat
 59557 | Zig:23   | Noticed Leamp the pandemonium lord
 59557 | Zig:23   | Noticed Soluzo Uvarr the pandemonium lord
 59558 | Zig:23   | Noticed Niciamimer the pandemonium lord
 59559 | Zig:23   | Reached skill level 1 in Staves
 59561 | Zig:23   | Killed Soluzo Uvarr the pandemonium lord
 59562 | Zig:23   | Killed Niciamimer the pandemonium lord
 59564 | Zig:23   | Noticed Casetez the pandemonium lord
 59565 | Zig:23   | Noticed Ymazibb the pandemonium lord
 59566 | Zig:23   | Killed Leamp the pandemonium lord
 59566 | Zig:23   | Reached skill level 5 in Staves
 59566 | Zig:23   | Noticed Menint the pandemonium lord
 59567 | Zig:23   | Killed Menint the pandemonium lord
 59567 | Zig:23   | Reached skill level 10 in Long Blades
 59567 | Zig:23   | Noticed Wieloj the pandemonium lord
 59569 | Zig:23   | Noticed Wenojil the pandemonium lord
 59572 | Zig:23   | Killed Ymazibb the pandemonium lord
 59578 | Zig:23   | Killed Casetez the pandemonium lord
 59579 | Zig:23   | Killed Wenojil the pandemonium lord
 59579 | Zig:23   | Reached skill level 10 in Staves
 59579 | Zig:23   | Killed Wieloj the pandemonium lord
 59582 | Zig:23   | Noticed Ehyr the pandemonium lord
 59588 | Zig:23   | Noticed Ifan the pandemonium lord
 59590 | Zig:23   | Killed Ehyr the pandemonium lord
 59591 | Zig:23   | Noticed Juvin the pandemonium lord
 59598 | Zig:23   | Noticed Qis Ibreo the pandemonium lord
 59598 | Zig:23   | Killed Juvin the pandemonium lord
 59598 | Zig:23   | Killed Ifan the pandemonium lord
 59603 | Zig:23   | Noticed Missec the pandemonium lord
 59607 | Zig:23   | Killed Qis Ibreo the pandemonium lord
 59612 | Zig:23   | Killed Missec the pandemonium lord
 59776 | Zig:23   | Got an ancient golden amulet
 59778 | Zig:23   | Identified the amulet "Ceocirph" {Reflect *Corrode Int+8
                  | Dex-3 Slay+2 SH+5} (You found it on level 23 of a ziggurat)
 59825 | Zig:24   | Entered Level 24 of a ziggurat
 59843 | Zig:24   | Reached skill level 20 in Air Magic
 59851 | Zig:24   | Reached skill level 21 in Air Magic
 59911 | Zig:24   | Got a glittering lapis lazuli ring
 59950 | Zig:24   | Identified the ring "Fuojeo Hayri" {*Corrode rF+ Int+8}
                  | (You found it on level 24 of a ziggurat)
 59967 | Zig:24   | Got a turquoise-studded ring mail
 59969 | Zig:24   | Identified the +2 ring mail "Lahidi" {rC+ rCorr MP-9} (You
                  | found it on level 24 of a ziggurat)
 59998 | Zig:25   | Entered Level 25 of a ziggurat
 60024 | Zig:25   | Reached skill level 22 in Air Magic
 60087 | Zig:25   | Reached skill level 23 in Air Magic
 60116 | Zig:25   | Got a vibrating pewter ring
 60117 | Zig:25   | Identified the ring "Keamm" {*Tele +Fly rElec rC- Str+6}
                  | (You found it on level 25 of a ziggurat)
 60128 | Zig:25   | Identified Qaitry's Volume of Calling
 60148 | Zig:26   | Entered Level 26 of a ziggurat
 60159 | Zig:26   | Noticed a juggernaut
 60164 | Zig:26   | Noticed a juggernaut
 60165 | Zig:26   | Noticed a juggernaut
 60165 | Zig:26   | Noticed a juggernaut
 60167 | Zig:26   | Noticed a juggernaut
 60168 | Zig:26   | Noticed a juggernaut
 60169 | Zig:26   | Noticed a juggernaut
 60169 | Zig:26   | Noticed a juggernaut
 60171 | Zig:26   | Killed a juggernaut
 60171 | Zig:26   | Noticed a juggernaut
 60172 | Zig:26   | Killed a juggernaut
 60172 | Zig:26   | Killed a juggernaut
 60172 | Zig:26   | Killed a juggernaut
 60174 | Zig:26   | Killed a juggernaut
 60174 | Zig:26   | Killed a juggernaut
 60175 | Zig:26   | Killed a juggernaut
 60175 | Zig:26   | Killed a juggernaut
 60175 | Zig:26   | Noticed a juggernaut
 60175 | Zig:26   | Noticed a juggernaut
 60176 | Zig:26   | Noticed a juggernaut
 60176 | Zig:26   | Mangled by an orc warlord

Levels and vault maps discovered:
D:1:      eino_arrival_water_cross, layout_basic,
          wander_ebering_terrifying_dragon_lair
D:2:      layout_basic
D:3:      corexii_shack_village, layout_loops_ring, first_ration,
          ebering_ghost_sewer_f, uniq_sigmund
D:4:      minmay_chambers_of_threes, layout_gridville,
          minmay_temple_entry_arrows
D:5:      layout_basic, nicolae_tso_carved_into_rock, makhleb_altar_promises_db
D:6:      layout_layer_cave, amethyst_killhole, uniq_prince_ribbit1
D:7:      layout_cave_pools, serial_shops,
          nicolae_shop_temple_entry_statues_fountains, fedhas_altar_3
D:8:      layout_loops_ring, gammafunk_ghost_arena, david_nohive_1,
          minmay_hollow_rounded_squares
D:9:      layout_cave_pools, serial_shops, nicolae_shop_window_shopping,
          lemuel_angel_altar
D:10:     layout_basic, special_room [special_room_kobold], serial_shops, shop,
          kennysheep_dice
D:11:     layout_loops_corners, lair_entry_dummy, david_orc_2,
          minmay_fire_ice_demons, uniq_nergalle
D:12:     layout_loops_ring, corexii_leaking_fountain
D:13:     layout_gridville, erik_vaults_2,
          portal_ice_cave_entry_animals_and_master, kennysheep_doodads
D:14:     layout_long_grid, minivault_24, drop_trap
D:15:     gammafunk_enter_depths_forms, layout_small_grid, nrook_uturn
Temple:   minmay_crystal_snake_temple
Lair:1:   beast_lair_carwin_large_1, layout_cave_pods
Lair:2:   layout_cave_pods, minmay_shoals_entry_beasts, gammafunk_ghost_arena,
          eino_house_with_fridge, serial_bayou_shore_b, grunt_megastairs_5,
          serial_bayou_shore_b
Lair:3:   beast_lair_carwin_large_4, layout_hall_layers, roderic_carrion_pond
Lair:4:   layout_gridlike, spider_nest_entry_a, grunt_megastairs_1,
          infiniplex_staircase_pool, minmay_lair_oklob_chamber
Lair:5:   layout_long_grid, nicolae_volcano_entry_s_turn, hibernation_bobbens,
          lemuel_fruit_tree
Lair:6:   evil_forest, layout_regular_city, slime_altar_1, grunt_megastairs_4
Shoals:1: layout_shoals, st_sunken_huts
Shoals:2: layout_shoals, overgrown_hall
Shoals:3: layout_shoals, serial_shops, shop, uniq_louise
Shoals:4: shoals_end_grunt_ice, layout_shoals,
          nicolae_shoals_arrival_archipelago, uniq_mara
Spider:1: layout_chambers, uniq_jorgrun
Spider:2: layout_spider_delve, drop_trap, guppyfry_spider_mini_1, uniq_roxanne
Spider:3: layout_spider_delve, uniq_nikola
Spider:4: grunt_spider_rune_circles, nicolae_spider_cling_ruins, uniq_asterion
Slime:1:  layout_caves, nicolae_slime_barrier
Slime:2:  layout_caves
Slime:3:  layout_caves
Slime:4:  layout_caves
Slime:5
Orc:1:    layout_diamond_mine, serial_shops, nicolae_shop_stone, mines1_david
Orc:2:    grunt_orc_tribal_feast, layout_diamond_mine
Elf:1:    layout_rooms, portal_desolation_entry_nicolae_nacl,
          hangedman_elf_disciples
Elf:2:    layout_loops_ring, uniq_aizul
Elf:3:    elf_hall_gauntlet_narrow, layout_geoelf_castle, solitary_fountain,
          grunt_ministairs_13
Vaults:1: hangedman_vaults_restitches, nicolae_vaults_bisected_inception,
          hangedman_vaults_slither, nicolae_vaults_circle_grid_b,
          nicolae_vaults_windows_and_doors_thing, st_more_cells,
          ontoclasm_vaults_ring_square, nicolae_vaults_yaktaur_gun_rack,
          nicolae_vaults_disjoint_gnomons, hangedman_vaults_trim,
          grunt_vaults_hallway_short, vaults_dpeg_ring,
          ontoclasm_vaults_ring_large, v_misc_23,
          nicolae_vaults_diagonal_hallway_7, vaults_dpeg_encased_lava,
          layout_vaults_maze, nicolae_trove_entry_diagonal
Vaults:2: minmay_crypt_entry_nasty_monster, st_octagons_2, v_misc_10, v_misc_16,
          ontoclasm_vaults_ligature, nicolae_vaults_shelves_hall, v_misc_11,
          vaults_room_fours, nicolae_vaults_mini_display_case,
          nicolae_vaults_little_squares_2, layout_vaults_omnicross, uniq_donald
Vaults:3: advil_vaults_ghost_guards, nicolae_vaults_little_squares_6,
          ontoclasm_vaults_loading_screen, nicolae_vaults_little_squares_6,
          vaults_room_stairs_pillars, ontoclasm_vaults_loading_screen,
          layout_vaults_omnigrid
Vaults:4: nicolae_vaults_quartermaster, v_rooms_4, v_misc_12,
          nicolae_vaults_hallways_thing, ontoclasm_vaults_chip,
          nicolae_vaults_three_branches, v_misc_27, vaults_room_pools,
          ontoclasm_vaults_twist, hangedman_vaults_maws,
          layout_vaults_chaotic_city, basic_altar
Vaults:5
Depths:1: layout_gridlike, enter_ziggurat_b, hell_entry,
          lightli_enter_wizlab_magi_temple, serial_bayou_ford_a,
          nicolae_twisting_strands, kennysheep_flooded_box, due_unseen_surprise
Depths:2: minmay_open_boxes_in_corner, layout_gridlike,
          minmay_misc_feat_encased, hangedman_abyss_entry_splay, hellmouth_3,
          grunt_pan_entry_zigzag, infiniplex_staircase_spiral
Depths:3: minmay_distorted_concentric_squares, layout_cave_pools,
          grunt_pan_entry_in_and_out, hell_entry, kennysheep_decorative_pillar,
          brannock_guarded_unrand_thermic_engine, minmay_staircase_bubble
Depths:4: hangedman_arch_fort, layout_cave_shapes, hangedman_tar_grid_catacomb,
          abyss_entry_flame_altar, uniq_jory, uniq_enchantress
Depths:5: grunt_crosshair, layout_cave_pools, grunt_mini_vestibule,
          minmay_door_square
Zig:1:    ziggurat_pillar_abc, ziggurat_pillar_abc, ziggurat_pillar_abc,
          ziggurat_pillar_abc
Zig:2:    ziggurat_pillar_abc, ziggurat_pillar_abc, ziggurat_pillar_abc,
          ziggurat_pillar_abc
Zig:3
Zig:4
Zig:5
Zig:6
Zig:7
Zig:8
Zig:9
Zig:10
Zig:11:   ziggurat_pillar_abc, ziggurat_pillar_abc, ziggurat_pillar_abc,
          ziggurat_pillar_abc
Zig:12
Zig:13
Zig:14
Zig:15
Zig:16:   ziggurat_pillar_abc, ziggurat_pillar_abc, ziggurat_pillar_abc,
          ziggurat_pillar_abc
Zig:17
Zig:18
Zig:19:   ziggurat_pillar_abc, ziggurat_pillar_abc, ziggurat_pillar_abc,
          ziggurat_pillar_abc
Zig:20
Zig:21
Zig:22
Zig:23
Zig:24
Zig:25
Zig:26
Trove:    trove_garden
IceCv:    ice_cave_small_giant
Volcano:  kennysheep_volcano_temple
WizLab:   wizlab_iskenderun
Desolation

Skill      XL: |  1  2  3  4  5  6  7  8  9 10 11 12 13 14 15 16 17 18 19 20 21 22 23 24 25 26 27 |
---------------+----------------------------------------------------------------------------------+-----
Conjurations   | 2 3 4 5 6 7 9 10 12 13 15 16 17 18 19 20 21 22 | 22.6
Spellcasting   | 3 4 5 6 7 9 10 11 12 13 14 15 16 17 18 19 20 21 | 21.9
Fire Magic     | 4 5 7 8 10 11 12 13 14 15 16 17 18 19 20 21 | 21.6
Fighting       | 4 7 9 |  9.8
Stealth        | 7 8 |  8.0
Shields        | 1 5 7 |  7.4
Earth Magic    | 9 14 16 18 21 | 21.5
Armour         | 16 | 16.5
Air Magic      | 23 | 23.1
Long Blades    | 14 | 14.5
Staves         | 13 | 13.4
Dodging        | |  1.5

Action                   |  1- 3 |  4- 6 |  7- 9 | 10-12 | 13-15 | 16-18 | 19-21 | 22-24 | 25-27 || total
-------------------------+-------+-------+-------+-------+-------+-------+-------+-------+-------++-------
Melee: Unarmed           |     8 |    22 |       |       |       |       |       |       |       ||    30
       Scythe            |       |     6 |     5 |       |       |       |       |       |       ||    11
       Falchion          |       |       |    56 |    50 |       |       |       |       |       ||   106
       Hand axe          |       |       |    12 |       |       |       |       |       |       ||    12
       Tailslap          |       |       |    12 |    22 |    24 |    29 |    21 |       |       ||   108
       Staff             |       |       |       |    95 |   126 |   142 |   135 |   100 |    32 ||   630
       Constrict         |       |       |       |       |    43 |    46 |    28 |    20 |     5 ||   142
 Cast: Flame Tongue      |    50 |    54 |   110 |    41 |    26 |     7 |       |     1 |       ||   289
       Conjure Flame     |       |     2 |       |     1 |     2 |     1 |       |       |       ||     6
       Sticky Flame      |       |     1 |    34 |    79 |   105 |    69 |    40 |    44 |     4 ||   376
       Inner Flame       |       |     1 |     3 |     2 |       |       |       |       |       ||     6
       Fireball          |       |       |     6 |   109 |   259 |   385 |   122 |   164 |    92 ||  1137
       Stone Arrow       |       |       |       |    10 |       |       |       |       |       ||    10
       Iskenderun's Myst |       |       |       |     3 |    19 |    14 |    45 |    37 |     7 ||   125
       Bolt of Magma     |       |       |       |       |     1 |    19 |    15 |     2 |     7 ||    44
       Bolt of Fire      |       |       |       |       |       |    39 |    38 |    47 |    21 ||   145
       Ignition          |       |       |       |       |       |    25 |    96 |   138 |    94 ||   353
       Fire Storm        |       |       |       |       |       |     3 |     7 |    54 |   108 ||   172
       Shatter           |       |       |       |       |       |       |       |       |    94 ||    94
       Tornado           |       |       |       |       |       |       |       |       |     6 ||     6
 Abil: Spit Poison       |    17 |    16 |     7 |     9 |     1 |     5 |     1 |     1 |       ||    57
       Evoke Invisibilit |       |       |       |     1 |     1 |       |       |       |       ||     2
       Evoke Blink       |       |       |       |       |       |       |       |     1 |       ||     1
Evoke: Wand              |       |       |       |     3 |    14 |     6 |    10 |     7 |     3 ||    43
       Lamp of fire      |       |       |       |       |     1 |       |       |       |       ||     1
       Phial of floods   |       |       |       |       |     1 |       |       |       |       ||     1
       Lightning rod     |       |       |       |       |       |       |       |     2 |       ||     2
  Use: Scroll            |       |     2 |    10 |    16 |    23 |    14 |    10 |    11 |    21 ||   107
       Potion            |       |       |     1 |     1 |     4 |     3 |    10 |       |    15 ||    34
 Stab: Sleeping          |       |       |     1 |       |     1 |       |       |       |       ||     2
       Distracted        |       |       |       |       |     2 |     1 |       |       |       ||     3
  Eat: Chunk             |    14 |     4 |    19 |    39 |    53 |    58 |    40 |    81 |    51 ||   359
       Ration            |       |       |       |       |       |     3 |     6 |       |     2 ||    11
Armor: Robe              |    16 |     4 |       |       |       |       |       |       |       ||    20
       Leather armour    |       |     9 |   112 |   142 |   112 |       |       |       |       ||   375
       Troll leather arm |       |       |       |       |    64 |   264 |   231 |   217 |   108 ||   884
       Skin              |       |       |       |       |     1 |    13 |    49 |       |       ||    63
       Scale mail        |       |       |       |       |       |       |       |       |    73 ||    73
Dodge: Dodged            |    25 |    27 |   124 |   157 |   192 |   248 |   116 |   143 |    96 ||  1128
Block: Buckler           |       |       |       |       |       |     6 |    97 |   132 |   102 ||   337
       Reflection        |       |       |       |       |       |       |     2 |       |       ||     2
       Rpst.: Falchion   |       |       |    30 |    10 |       |       |       |       |       ||    40

Table legend:
 A = Non-vault XP
 B = Vault XP
 C = Vault XP percentage of total XP
 D = Non-vault monster count
 E = Vault monster count
 F = Vault count percentage of total count
                 A         B        C        D         E       F
            +---------+---------+-------+---------+---------+-------
      Total | 1546391 |  645475 |  29.4 |    2219 |     820 |  27.0
            +---------+---------+-------+---------+---------+-------
        D:1 |      39 |       1 |   2.5 |      24 |       1 |   4.0
        D:2 |      89 |       0 |   0.0 |      27 |       0 |   0.0
        D:3 |      63 |     439 |  87.5 |      12 |      14 |  53.8
        D:4 |     464 |     262 |  36.1 |      19 |       8 |  29.6
        D:5 |     908 |       0 |   0.0 |      25 |       0 |   0.0
        D:6 |    1024 |     291 |  22.1 |      16 |       1 |   5.9
        D:7 |    1165 |       0 |   0.0 |      23 |       0 |   0.0
        D:8 |     814 |    3020 |  78.8 |      16 |      25 |  61.0
        D:9 |    1539 |       0 |   0.0 |      24 |       0 |   0.0
       D:10 |    3566 |    1870 |  34.4 |      36 |      19 |  34.5
       D:11 |    4990 |    1023 |  17.0 |      14 |      10 |  41.7
       D:12 |   11317 |       0 |   0.0 |      43 |       0 |   0.0
       D:13 |     589 |    9803 |  94.3 |      13 |      16 |  55.2
       D:14 |    8472 |       0 |   0.0 |      32 |       0 |   0.0
       D:15 |   16086 |    5453 |  25.3 |      39 |      10 |  20.4
     Lair:1 |    2524 |    1976 |  43.9 |       9 |       9 |  50.0
     Lair:2 |    3365 |    5560 |  62.3 |      16 |      22 |  57.9
     Lair:3 |    4983 |    3513 |  41.3 |      14 |      19 |  57.6
     Lair:4 |    7998 |    1837 |  18.7 |      24 |       5 |  17.2
     Lair:5 |    7229 |     468 |   6.1 |      25 |       1 |   3.8
     Lair:6 |   10911 |   10388 |  48.8 |      21 |      27 |  56.2
   Shoals:1 |   22040 |    6333 |  22.3 |      42 |       9 |  17.6
   Shoals:2 |   17326 |     572 |   3.2 |      31 |       1 |   3.1
   Shoals:3 |   13398 |    1677 |  11.1 |      24 |       1 |   4.0
   Shoals:4 |    8084 |   24970 |  75.5 |      20 |      28 |  58.3
   Spider:1 |   20322 |    2931 |  12.6 |      54 |       1 |   1.8
   Spider:2 |   15423 |    3542 |  18.7 |      47 |       7 |  13.0
   Spider:3 |   13594 |    4165 |  23.5 |      36 |       1 |   2.7
   Spider:4 |    6040 |   25263 |  80.7 |      20 |      39 |  66.1
    Slime:1 |   21997 |       0 |   0.0 |      31 |       0 |   0.0
    Slime:2 |    2561 |       0 |   0.0 |       1 |       0 |   0.0
    Slime:3 |   12232 |       0 |   0.0 |      31 |       0 |   0.0
    Slime:4 |    9845 |       0 |   0.0 |      26 |       0 |   0.0
    Slime:5 |   29067 |   30400 |  51.1 |      57 |      14 |  19.7
      Orc:1 |    1929 |       0 |   0.0 |      18 |       0 |   0.0
      Orc:2 |    4135 |    7210 |  63.6 |      38 |      30 |  44.1
      Elf:1 |   20816 |    7414 |  26.3 |      29 |      13 |  31.0
      Elf:2 |   23127 |    3211 |  12.2 |      40 |       5 |  11.1
      Elf:3 |    9637 |   40264 |  80.7 |      17 |      29 |  63.0
   Vaults:1 |    7271 |   23645 |  76.5 |      20 |      38 |  65.5
   Vaults:2 |   13317 |   32167 |  70.7 |      25 |      24 |  49.0
   Vaults:3 |   36313 |    8389 |  18.8 |      68 |       4 |   5.6
   Vaults:4 |   26927 |   32839 |  54.9 |      38 |      46 |  54.8
   Vaults:5 |   42917 |  143099 |  76.9 |      49 |      93 |  65.5
   Depths:1 |   25385 |       0 |   0.0 |      29 |       0 |   0.0
   Depths:2 |   30650 |   20789 |  40.4 |      37 |      24 |  39.3
   Depths:3 |   38361 |   32623 |  46.0 |      50 |      39 |  43.8
   Depths:4 |   52502 |   54296 |  50.8 |      56 |      30 |  34.9
   Depths:5 |    7581 |    6267 |  45.3 |      10 |       5 |  33.3
      Zig:1 |     385 |       0 |   0.0 |       5 |       0 |   0.0
      Zig:2 |    2243 |       0 |   0.0 |       3 |       0 |   0.0
      Zig:3 |    6177 |       0 |   0.0 |       4 |       0 |   0.0
      Zig:4 |    2991 |       0 |   0.0 |       5 |       0 |   0.0
      Zig:5 |    4779 |       0 |   0.0 |       9 |       0 |   0.0
      Zig:6 |    7032 |       0 |   0.0 |       9 |       0 |   0.0
      Zig:7 |    9080 |       0 |   0.0 |      12 |       0 |   0.0
      Zig:8 |   12001 |       0 |   0.0 |      11 |       0 |   0.0
      Zig:9 |   13485 |       0 |   0.0 |      13 |       0 |   0.0
     Zig:10 |   22034 |       0 |   0.0 |      23 |       0 |   0.0
     Zig:11 |   30403 |       0 |   0.0 |      16 |       0 |   0.0
     Zig:12 |   22385 |       0 |   0.0 |      27 |       0 |   0.0
     Zig:13 |   31876 |       0 |   0.0 |      21 |       0 |   0.0
     Zig:14 |   25510 |       0 |   0.0 |      26 |       0 |   0.0
     Zig:15 |   31585 |       0 |   0.0 |      38 |       0 |   0.0
     Zig:16 |   37522 |       0 |   0.0 |      30 |       0 |   0.0
     Zig:17 |   35698 |    2445 |   6.4 |      37 |       4 |   9.8
     Zig:18 |   36781 |       0 |   0.0 |      45 |       0 |   0.0
     Zig:19 |   37704 |       0 |   0.0 |      71 |       0 |   0.0
     Zig:20 |   57126 |       0 |   0.0 |      36 |       0 |   0.0
     Zig:21 |   59447 |       0 |   0.0 |      85 |       0 |   0.0
     Zig:22 |   63499 |       0 |   0.0 |      67 |       0 |   0.0
     Zig:23 |  161052 |       0 |   0.0 |      42 |       0 |   0.0
     Zig:24 |   80215 |       0 |   0.0 |      65 |       0 |   0.0
     Zig:25 |   65770 |       0 |   0.0 |      87 |       0 |   0.0
     Zig:26 |   68679 |       0 |   0.0 |      16 |       0 |   0.0
      IceCv |       0 |    9310 | 100.0 |       0 |      36 | 100.0
    Volcano |       0 |    5665 | 100.0 |       0 |       6 | 100.0
     WizLab |       0 |   27261 | 100.0 |       0 |      30 | 100.0
 Desolation |       0 |   42824 | 100.0 |       0 |      76 | 100.0
            +---------+---------+-------+---------+---------+-------
